General information
- name: grudge25
- type: Ladder 1vs1/FFA
- host: BEAR_AND
- saver: BEAR_AND
map: EchoIcicles
- players: 8
- length: 08:40
- speed: Fast
- version: 1.21 W3XP
- replay type:

» download(36 KB)
Players
team 1 (loser)

»
WWGT]POLO (
orange | 115 APM | 993 actions | 08:39)
2 Death Knight
1 Death Coil
1 Unholy Aura
» actions
| Assign group hotkey | 9 | |
| Build / train | 39 | |
| Enter build submenu | 7 | |
| Enter hero's abilities submenu | 2 | |
| Remove unit from queue | 1 | |
| Right click | 624 | |
| Select / deselect | 221 | |
| Select group hotkey | 65 | |
| Use ability | 25 | |
993 total
» units
» buildings
| Altar of Darkness | 1 | |
| Crypt | 2 | |
| Ziggurat | 2 | |
| Tomb of Relics | 1 | |
| Nerubian Tower | 2 | |
| Halls of the Dead | 2 | |
10 total
» build order
00:06 Altar of Darkness
00:10 Crypt
00:33 Ziggurat
01:02 Ziggurat
01:39 Crypt
01:52 Tomb of Relics
02:12 Nerubian Tower
02:13 Nerubian Tower
05:11 Halls of the Dead
05:11 Halls of the Dead
» items
team 2 (winner)
WWGT]Amora (
gray | 147 APM | 1278 actions | 08:40)
3 Demon Hunter
2 Mana Burn
1 Evasion
2 Naga Sea Witch
1 Frost Arrows
1 Forked Lightning
» actions
| Assign group hotkey | 18 | |
| Basic commands | 12 | |
| Build / train | 39 | |
| ESC pressed | 1 | |
| Enter build submenu | 12 | |
| Enter hero's abilities submenu | 5 | |
| Remove unit from queue | 1 | |
| Right click | 706 | |
| Select / deselect | 142 | |
| Select group hotkey | 315 | |
| Use ability | 27 | |
1278 total
» units
| Wisp | 13 | |
| Archer | 9 | |
| Huntress | 2 | |
| Dryad | 2 | |
26 total
» buildings
| Altar of Elders | 1 | |
| Moon Well | 4 | |
| Ancient of War | 1 | |
| Tree of Ages | 1 | |
| Hunter's Hall | 1 | |
| Ancient of Wonders | 1 | |
| Ancient of Lore | 2 | |
11 total
» build order
00:06 Altar of Elders
00:18 Moon Well
00:51 Ancient of War
01:25 Moon Well
02:46 Tree of Ages
03:18 Moon Well
04:18 Hunter's Hall
04:58 Moon Well
05:19 Ancient of Wonders
06:38 Ancient of Lore
06:44 Ancient of Lore
observersBEAR_AND,
iggy_the_fisk,
DIRTMCWORDUP,
NOMORELEFT,
ElectricCoolAid,
ActionJackson2 Chat log
(00:10 / Observers) BEAR_AND: vent?
(00:23 / Observers) DIRTMCWORDUP: yo i was giving him some tips i hope he listens
(00:26 / Observers) iggy_the_fisk: vent 0.4
(01:16 / Observers) DIRTMCWORDUP: 2 zigs damn
(01:19 / Observers) ActionJackson2: this is intense
(01:23 / Observers) ElectricCoolAid: omfg
(01:28 / Observers) iggy_the_fisk: polo i order you to build a shop
(01:29 / Observers) ElectricCoolAid: im on the edge of my seatr
(01:33 / Observers) NOMORELEFT: yo, no mic
(01:36 / Observers) NOMORELEFT: oh shitttttt
(01:37 / Observers) ActionJackson2: im almost done with my chunky soup
(01:41 / Observers) ActionJackson2: did my mic work
(01:45 / Observers) ActionJackson2: speakers were low
(01:47 / Observers) BEAR_AND: i order you to buy Rod of Necromancy!
(01:54 / Observers) BEAR_AND: run! his hero too strong!!!
(01:57 / Observers) NOMORELEFT: i don't know why.
(02:08 / Observers) ActionJackson2: what channel u guys in
(02:16 / Observers) BEAR_AND: the one with bear_and and timg4strok
(03:13 / Observers) NOMORELEFT: who are these two?
(03:15 / Observers) ActionJackson2: dont wanna fuck with mic settings
(03:23 / Observers) BEAR_AND: just go into setup and turn up outbound
(04:03 / All) WWGT]POLO: ok wow
(04:54 / Observers) DIRTMCWORDUP: ince trees
(04:59 / Observers) DIRTMCWORDUP: nice trees
(05:02 / Observers) DIRTMCWORDUP: nice thing
(05:13 / Observers) NOMORELEFT: l shaped tetris block
(05:50 / Observers) BEAR_AND: masterofsurrond
(06:02 / Observers) ActionJackson2: surround sound
(06:20 / Observers) ActionJackson2: who's winning
(06:53 / All) WWGT]POLO: fuck
(07:44 / Observers) NOMORELEFT: follow the leader
(08:35 / All) WWGT]POLO: gg again